Arrhythmia, neutral female human Tourist --- --- $ --- |..---.--- $ |.---...|.....| |.............- --............. ---.......... ---...+%)) ---------....|.| |...........--- |..---.$...-| ----|.....I.--- .. --.....^^.... |.)....... ---)......... |.@.))........ |@a@............ --a-.............| # ...........-- # ..--.-- | -- -- Arrhythmia the Excursionist Experience level: 6 Strength: 10 Dexterity: 15 Constitution: 18 Intelligence: 12 Wisdom: 8 Charisma: 12 Health: 0(54) Energy: 23(23) AC: 7 Gold: 700 Moves: 2446 Your Inventory: Coins $ - 700 gold pieces Weapons z - an [uncursed +1] dagger (weapon in hand) E - an [uncursed +0] dart (in quiver) X - an [uncursed +0] dagger Armor j - an uncursed +0 Hawaiian shirt (being worn) P - a [blessed] +1 hooded cloak [dwarvish] (being worn) Q - an [uncursed] +0 pair of hard shoes [iron] (being worn) Comestibles b - 8 uncursed food rations e - an uncursed Hot Futa Mare Dick H - an [uncursed] pancake Y - an [uncursed] egg Scrolls i - 4 uncursed scrolls of magic mapping v - a [cursed] scroll labeled VERR YED HORRE [of flood] B - a [blessed] scroll labeled VE FORBRYDERNE [of genocide] W - an [uncursed] scroll labeled PHOL ENDE WODAN [of destroy armor] Spellbooks r - an [uncursed] plaid spellbook [of dig] Potions h - an uncursed potion of extra healing n - 2 [uncursed] dark green potions [of booze] p - an [uncursed] sparkling potion [of see invisible] w - 2 [cursed] smoky potions [of sickness] Rings x - an [uncursed] sapphire ring [of free action] Tools k - an uncursed expensive camera (0:47) l - an uncursed credit card C - an [uncursed] towel J - 2 [uncursed] partly used [wax] candles (lit) R - an [uncursed +0] pick-axe V - an [uncursed] lock pick Gems o - an [uncursed] violet gem [worthless glass] s - an [uncursed] violet gem [amethyst] L - an [uncursed] orange gem [worthless glass] M - 2 [uncursed] white gems [diamond] O - an [uncursed] stone called Luckstone [flint] Z - an [uncursed] black gem [worthless glass] Spells known in the end: Name Level Category Fail Memory Your skills at the end: Fighting Skills Weapon Skills dart [Basic / Expert] Spellcasting Skills Final Attributes: You were piously aligned. Hunger level was 245. Your alignment was 21 / 22. Monster difficulty range was 1 - 6. Level difficulty was 7. Your luck was zero. You are dead. Vanquished creatures: a gnome king a yellow light a gnome lord a guardian naga hatchling a little dog 2 dwarves a kobold lord 7 killer bees an acid blob 2 hobbits a hobgoblin 3 giant rats 2 cave spiders a yellow mold 15 gnomes 4 jackals 2 foxes a goblin 2 sewer rats 2 grid bugs 2 lichens 4 newts 57 creatures vanquished. Voluntary challenges: You were an atheist. You used a wielded weapon 24 times. You read items or engraved 124 times. You put on armor 10 times. You never genocided any monsters. You never polymorphed an object. You never changed form. You used no wishes. You wrote Elbereth's name 49 times. You never encountered a bones level. You never used any Sokoban shortcuts. Dungeon overview: The Dungeons of Doom: levels 1 to 5 Level 1 a long staircase Level 2 a fountain Level 3 a fountain Level 4 stairs to The Gnomish Mines The Gnomish Mines: levels 5 to 7 Level 5 stairs to The Dungeons of Doom Level 7 <- You were here History has recorded: On T:1 you entered the Dungeons of Doom to retrieve the Amulet of Yendor! On T:396 you reached level 2 of The Dungeons of Doom. On T:839 you advanced to experience level 2. On T:1028 you reached level 3 of The Dungeons of Doom. On T:1190 you advanced to experience level 3. On T:1440 you reached level 4 of The Dungeons of Doom. On T:1513 you advanced to experience level 4. On T:1715 you reached level 5 of The Dungeons of Doom. On T:1742 you reached level 1 of The Gnomish Mines. On T:1771 you advanced to experience level 5. On T:2127 you reached level 3 of The Gnomish Mines. On T:2167 you advanced to experience level 6. Latest messages: You feel much better. The Woodland-elf thrusts her runed spear. The Woodland-elf hits! (2x) The killer bee stings! The killer bee's sting was poisoned! The killer bee stings! [HP-6=18] Never mind. E - a dart (in quiver). The killer bee misses. The killer bee stings! [HP-2=16] As you read the scroll, it disappears. You feel very greedy, and sense gold! The Woodland-elf thrusts her runed spear. The Woodland-elf hits! The Woodland-elf throws a dart! The dart misses the killer bee. You are hit by a dart. You hear the howling of the CwnAnnwn... The killer bee stings! (2x) You die... Final status: Aloha Arrhythmia the Tourist... You died in The Gnomish Mines on dungeon level 7 with 2072 points, and 700 pieces of gold, after 2446 moves. You were level 6 with a maximum of 54 hit points when you died.